 Dungeon Crawl Stone Soup version 0.21-a0-28-g9a7844a (console) character file.

19073 harmitage the Black Belt (level 12, -2/107 HPs)
             Began as a Troll Monk on May 26, 2017.
             Was the Champion of Jiyva.
             Killed by divine providence
             ... invoked by an orc priest
              (10 damage)
             ... on level 1 of the Orcish Mines.
             The game lasted 00:34:12 (10414 turns).

harmitage the Black Belt (Troll Monk)              Turns: 10414, Time: 00:34:12

Health: -2/107     AC: 10    Str: 14    XL:     12   Next: 33%
Magic:  11/11      EV: 13    Int:  8    God:    Jiyva [******]
Gold:   842        SH: 12    Dex: 20    Spells: 11/11 levels left

rFire    . . .     SeeInvis .     - Unarmed
rCold    + . .     Gourm    +   e - +2 shield {AC+3}
rNeg     . . .     Faith    .   E - +0 troll leather armour
rPois    .         Spirit   .   (helmet restricted)
rElec    +         Reflect  +   h - +0 cloak
rCorr    +         Harm     .   (gloves unavailable)
MR       +++..                  (boots unavailable)
Stlth    ++........             d - +2 amulet of reflection
Regen    1.1/turn               f - +3 ring of slaying
MPRegen  0.2/turn               N - ring "Itom" {rC+ MR+++ Str-4 Slay+3}

@: berserk cooldown, hasted, very quick
A: unfitting armour, claws 3, hooves 2, horns 1, agile 1, fast metabolism 3,
gourmand, regeneration 1, shaggy fur 1, electricity resistance, tough skin 2,
gelatinous body 1, pseudopods 1, translucent skin 1
a: Request Jelly, Slimify, Cure Bad Mutation, Renounce Religion


You were on level 1 of the Orcish Mines.
You worshipped Jiyva.
Jiyva was exalted by your worship.
You were full.

You visited 4 branches of the dungeon, and saw 16 of its levels.

You collected 842 gold pieces.

Inventory:

Armour
 e - a +2 shield of protection (worn)
 h - a +0 cloak (worn)
 E - a +0 troll leather armour (worn)
Jewellery
 d - a +2 amulet of reflection (around neck)
 f - a +3 ring of slaying (left claw)
 t - an uncursed ring of stealth
 N - the ring "Itom" (right claw) {rC+ MR+++ Str-4 Slay+3}
   (You found it on level 10 of the Dungeon)

   [ring of protection from cold]

   It affects your strength (-4).
   It affects your accuracy and damage with ranged weapons and melee attacks
   (+3).
   It protects you from cold.
   It affects your resistance to hostile enchantments.
Wands
 n - a wand of digging (13/24)
 o - a wand of acid (3/15)
 q - a wand of paralysis (24/24)
 v - a wand of flame (28/48)
 z - a wand of iceblast (7/15)
 A - a wand of polymorph (9/24)
 G - a wand of clouds (7/9)
 L - a wand of random effects (30/48)
 M - a wand of random effects (38/48)
Scrolls
 c - 5 scrolls of remove curse
 j - a scroll of amnesia {unknown}
 m - a scroll of fear
 s - 4 scrolls of teleportation
Potions
 i - 5 potions of brilliance
 k - 3 potions of flight
 p - a potion of cancellation
 r - a potion of magic
 C - a potion of invisibility {unknown}
 J - a potion of might
Comestibles
 a - a fruit
 b - 10 bread rations
 g - 10 meat rations
 l - 9 royal jellies


   Skills:
 + Level 3.9 Fighting
 + Level 1.8 Armour
 + Level 6.8 Dodging
 + Level 3.1 Stealth
 + Level 1.7 Shields
 * Level 16.9 Unarmed Combat


You had 11 spell levels left.
You didn't know any spells.

Dungeon Overview and Level Annotations

Branches:
Dungeon (11/15)            Temple (1/1) D:6            Lair (3/6) D:11
    Orc (1/2) D:10
  Swamp: Lair:2-4    Shoals: Lair:2-4     Snake: Lair:2-4    Spider: Lair:2-4

Altars:
Ashenzari
Cheibriados
Dithmenos
Elyvilon
Fedhas
Gozag
Hepliaklqana
Kikubaaqudgha
Makhleb
Nemelex Xobeh
Okawaru
Qazlal
Ru
Sif Muna
Trog
Uskayaw
Vehumet
Wu Jian
Xom
Yredelemnul
Zin
The Shining One
Jiyva


Innate Abilities, Weirdness & Mutations

You are too large for most types of armour.
You have claws for hands.
Your metabolism is lightning-fast.
You like to eat raw meat.
Your natural rate of healing is unusually fast.
You are covered in fur. (AC +1)
You have very tough skin. (AC +2)
You have hoof-like feet.
You have a pair of small horns on your head.
You are agile. (Dex +2)
You are resistant to electric shocks. (rElec)
Your rubbery body absorbs attacks. (AC +1, EV +1)
Armour fits poorly on your pseudopods.
Your translucent skin slightly reduces your foes' accuracy. (Stealth)


Message History

You reflect the throwing net off an invisible shield around you!
The throwing net barely misses the gnoll.
You block the warg's attack.
You feel yourself speed up.
The orc wizard gestures at you while chanting.
The magic dart hits you! You block the orc wizard's attack.
The orc wizard casts a spell.
The orc wizard blinks!
The orc priest looks encouraged for a moment.
The orc wizard gestures wildly while chanting.
The orc wizard blinks!
The orc warrior throws a tomahawk.
The tomahawk hits you.
* * * LOW HITPOINT WARNING * * *
You see here a tomahawk.
The orc warrior throws a tomahawk.
The tomahawk barely misses you.
The orc wizard gestures at you while chanting.
The magic dart hits you!
* * * LOW HITPOINT WARNING * * *
The orc priest invokes the aid of Beogh against you.
Beogh smites you!
You die...

#.......))$.....
##......#).......
#........)..###..
#.....(....####
##......#....#.#
#....o.#).......#
#.............##
#.......#....##
##.....#...#..##
#o.....##......#
##..##.......@..##
#....##...o......#
##....##.....h(.##
###.#..o.o.(....#
###..oo....h..##
##.##..o......###..#...
#..........g.## $.....
#.......(.....###.#..#
##.#...(.............#
#....O...............##
##....................#


You could see 2 wargs, an orc warrior, 2 orc priests, an orc wizard, a gnoll and
2 orcs.

Vanquished Creatures
  2 two-headed ogres
  A wizard (D:11)
  An ugly thing (D:11)
  A cyclops (D:11)
  Joseph (D:9)
  2 centaur skeletons
  2 spiny frogs
  2 kobold demonologists
  A komodo dragon (Lair:2)
  4 trolls
  Prince Ribbit (D:8)
  A slime creature (D:10)
  2 hippogriffs
  Grinder (D:4)
  3 large abominations (D:11)
  28 yaks
  7 small abominations (D:11)
  A wyvern (Lair:1)
  A human (D:7)
  Eustachio (D:4)
  A basilisk (Lair:2)
  2 hogs (D:7)
  2 water moccasins
  5 porcupines
  4 ice beasts
  6 orc warriors
  A phantom (D:3)
  A black bear (D:9)
  2 sky beasts
  2 ogres
  3 wolves (Lair:1)
  3 centaurs
  A crocodile (Lair:2)
  5 big kobolds
  11 bullfrogs
  A gnoll sergeant (D:5)
  2 scorpions
  A killer bee (D:8)
  2 howler monkeys
  10 wights
  An electric eel (Lair:2)
  12 crimson imps
  2 centaur zombies
  6 hounds
  A bullfrog zombie (D:6)
  10 jellies
  12 orc wizards
  4 orc priests
  2 bullfrog skeletons
  Ijyb (D:3)
  3 iguanas
  7 worker ants
  A hound skeleton (D:6)
  A worker ant zombie (D:11)
  7 gnolls
  9 adders
  A shadow imp (D:5)
  An adder zombie (D:9)
  2 oozes
  3 adder skeletons
  6 worms
  2 dart slugs
  5 leopard geckos
  64 orcs
  3 ball pythons
  9 bats
  8 giant cockroaches
  4 goblins (D:1)
  10 hobgoblins
  20 jackals
  25 kobolds
  3 quokkas
  8 frilled lizards
  A leopard gecko zombie (D:8)
  10 rats
392 creatures vanquished.

Vanquished Creatures (collateral kills)
  2 large abominations (D:11)
2 creatures vanquished.

Vanquished Creatures (others)
  A hippogriff (Lair:2)
  An orc warrior (D:11)
  A bullfrog (Lair:2)
  27 jellies
  An orc priest (D:11)
  2 orc wizards (D:11)
  A worker ant (D:11)
  4 orcs (D:11)
  10 plants
48 creatures vanquished.

Grand Total: 442 creatures vanquished

Notes
Turn   | Place    | Note
-------+----------+-------------------------------------------
     0 | D:1      | harmitage the Troll Monk began the quest for the Orb.
     0 | D:1      | Reached XP level 1. HP: 22/22 MP: 0/0
    59 | D:1      | Reached XP level 2. HP: 29/29 MP: 1/1
   336 | D:1      | Reached XP level 3. HP: 32/36 MP: 2/2
   854 | D:2      | Reached skill level 4 in Unarmed Combat
   854 | D:2      | Reached XP level 4. HP: 44/44 MP: 3/3
  1264 | D:3      | Found a snail-covered altar of Cheibriados.
  1264 | D:3      | Found a stormy altar of Qazlal.
  1265 | D:3      | Found a hazy altar of Hepliaklqana.
  1386 | D:3      | Found a radiant altar of Vehumet.
  1636 | D:3      | Noticed a phantom
  1656 | D:3      | Killed a phantom
  1656 | D:3      | Reached skill level 5 in Unarmed Combat
  1656 | D:3      | Reached XP level 5. HP: 48/50 MP: 4/4
  1672 | D:3      | Found a white marble altar of Elyvilon.
  2152 | D:4      | Gained mutation: You are weak. (Str -2) [potion of mutation]
  2152 | D:4      | Gained mutation: Your mind is acute. (Int +2) [potion of mutation]
  2152 | D:4      | Gained mutation: You are agile. (Dex +2) [potion of mutation]
  2154 | D:4      | Noticed Grinder
  2164 | D:4      | Paralysed by Grinder for 4 turns
  2171 | D:4      | Killed Grinder
  2171 | D:4      | Reached skill level 6 in Unarmed Combat
  2171 | D:4      | Reached XP level 6. HP: 30/59 MP: 5/5
  2357 | D:4      | Noticed Ijyb
  2380 | D:3      | Killed Ijyb
  2484 | D:4      | Noticed Eustachio
  2491 | D:4      | Killed Eustachio
  2491 | D:4      | Reached skill level 7 in Unarmed Combat
  2491 | D:4      | Reached XP level 7. HP: 58/66 MP: 6/6
  2848 | D:5      | Entered Level 5 of the Dungeon
  2948 | D:5      | Reached skill level 8 in Unarmed Combat
  2993 | D:5      | Reached XP level 8. HP: 51/75 MP: 7/7
  3099 | D:5      | Reached skill level 9 in Unarmed Combat
  3664 | D:6      | Noticed a dagger
  3666 | D:6      | Found a hide-covered altar of Uskayaw.
  3666 | D:6      | Noticed a hand axe
  3669 | D:6      | Reached skill level 10 in Unarmed Combat
  3713 | D:6      | Found a staircase to the Ecumenical Temple.
  3731 | Temple   | Entered the Ecumenical Temple
  4126 | D:7      | Reached XP level 9. HP: 83/83 MP: 8/8
  4311 | D:7      | Reached skill level 11 in Unarmed Combat
  4909 | D:8      | Noticed Prince Ribbit
  4918 | D:8      | Killed Prince Ribbit
  4918 | D:8      | Reached skill level 12 in Unarmed Combat
  5528 | D:8      | Noticed a two-headed ogre
  5534 | D:8      | HP: 3/83 [two-headed ogre/giant club (15)]
  5538 | D:8      | Killed a two-headed ogre
  5538 | D:8      | Reached skill level 5 in Dodging
  5538 | D:8      | Reached XP level 10. HP: 40/91 MP: 9/9
  6016 | D:9      | Reached skill level 13 in Unarmed Combat
  6112 | D:9      | Noticed Joseph
  6127 | D:10     | Entered Level 10 of the Dungeon
  6324 | D:9      | Killed Joseph
  6999 | D:10     | Reached skill level 14 in Unarmed Combat
  7051 | D:10     | Found a staircase to the Orcish Mines.
  7254 | D:10     | Found a viscous altar of Jiyva.
  7282 | D:10     | Became a worshipper of Jiyva Joxiun the Shapeless
  7282 | D:10     | Reached * piety under Jiyva
  7282 | D:10     | Reached ** piety under Jiyva
  7287 | D:10     | Got a slimy jade ring
  7289 | D:10     | Identified the ring "Itom" {rC+ MR+++ Str-4 Slay+3} (You found it on level 10 of the Dungeon)
  7443 | D:10     | Reached *** piety under Jiyva
  7443 | D:10     | Gained mutation: You are resistant to electric shocks. (rElec) [Jiyva's grace]
  7452 | D:10     | Gained mutation: You are resistant to hostile enchantments. (MR+) [Jiyva's grace]
  7452 | D:10     | Reached **** piety under Jiyva
  7456 | D:10     | Gained mutation: Your translucent skin slightly reduces your foes' accuracy. (Stealth) [Jiyva's grace]
  7508 | D:10     | Reached XP level 11. HP: 91/97 MP: 10/10
  7510 | D:10     | Reached ***** piety under Jiyva
  7649 | D:11     | Gained mutation: Your rubbery body absorbs attacks. (AC +1, EV +1) [Jiyva's grace]
  7670 | D:11     | Noticed a green ugly thing
  7683 | D:11     | Killed a green ugly thing
  7705 | D:11     | Reached skill level 15 in Unarmed Combat
  7805 | D:11     | Noticed a wizard
  7834 | D:11     | Killed a wizard
  7842 | D:11     | Noticed a large abomination
  7846 | D:11     | Lost mutation: Your mind is acute. (Int +2) [Jiyva's grace]
  8080 | D:11     | Noticed a two-headed ogre
  8088 | D:11     | Killed a two-headed ogre
  8242 | D:11     | Found a staircase to the Lair.
  8349 | D:11     | Gained mutation: You have large cloven feet. [Jiyva's grace]
  8383 | D:11     | Gained mutation: You have hoof-like feet. [Jiyva's grace]
  8385 | D:11     | Reached ****** piety under Jiyva
  8406 | D:11     | Gained mutation: Armour fits poorly on your pseudopods. [Jiyva's grace]
  8538 | D:11     | Lost mutation: You are weak. (Str -2) [Jiyva's grace]
  8548 | D:11     | Reached skill level 16 in Unarmed Combat
  8559 | D:11     | Killed a large abomination
  8717 | Lair:1   | Entered Level 1 of the Lair of Beasts
  8855 | Lair:1   | Reached skill level 1 in Shields
  8890 | Lair:1   | Reached skill level 1 in Armour
  8891 | Lair:1   | Reached XP level 12. HP: 70/107 MP: 11/11
  9463 | Lair:2   | Lost mutation: You are resistant to hostile enchantments. (MR+) [Jiyva's grace]
 10346 | Orc:1    | Entered Level 1 of the Orcish Mines
 10358 | Orc:1    | Noticed an ettin
 10364 | Orc:1    | Gained mutation: You have a pair of small horns on your head. [Jiyva's grace]
 10414 | Orc:1    | Killed from afar by an orc priest

Vault maps used:
D:1:      minmay_arrival_semitransparent
D:3:      fiery_altar_vehumet, nicolae_overflow_quartered_altars,
          kennysheep_generic_room_11
D:4:      first_bread, uniq_eustachio, uniq_grinder, uniq_ijyb
D:5:      wad_pebble_path
D:6:      dancing_weapons_uskayaw, minmay_temple_entry_glass
D:7:      grunt_livestock
D:8:      kennysheep_ambush_hall, minmay_holes, uniq_prince_ribbit1
D:9:      st_stairs_11, nicolae_straight_to_the_point, uniq_joseph
D:10:     hiddenorc2_lemuel, jiyva_altar_1
D:11:     david_lair_shrubbed, laboratory
Temple:   nicolae_temple_elliptical
Lair:1:   infiniplex_staircase_pool
Lair:2:   hibernation_bobbens, grunt_megastairs_4, lemuel_fruit_tree,
          serial_bayou_shore_a
Lair:3:   basic_altar, grunt_megastairs_2, uniq_fannar
Orc:1:    serial_shops, shop

Skill      XL: |  1  2  3  4  5  6  7  8  9 10 11 |
---------------+----------------------------------+-----
Dodging        | 3 4 5 6 |  6.8
Unarmed Combat | 4 5 6 7 8 10 12 14 16 | 16.9
Fighting       | 3 |  3.9
Stealth        | 2 3 |  3.1
Shields        | 1 |  1.7
Armour         | 1 |  1.8

Action                   |  1- 3 |  4- 6 |  7- 9 | 10-12 || total
-------------------------+-------+-------+-------+-------++-------
Melee: Unarmed           |    95 |   133 |   275 |   518 ||  1021
       Punch             |     3 |     2 |    15 |    19 ||    39
       Kick              |       |       |       |    50 ||    50
       Pseudopods        |       |       |       |    29 ||    29
       Headbutt          |       |       |       |     4 ||     4
Invok: Request Jelly     |       |       |       |    15 ||    15
       Cure Bad Mutation |       |       |       |     2 ||     2
Evoke: Wand              |       |       |       |     1 ||     1
  Use: Scroll            |       |     6 |     6 |    12 ||    24
       Potion            |       |     5 |     3 |    11 ||    19
 Stab: Sleeping          |     4 |     3 |     2 |    10 ||    19
       Distracted        |       |     1 |     1 |       ||     2
  Eat: Chunk             |    13 |    15 |    26 |    28 ||    82
Armor: Robe              |    30 |    26 |    51 |    16 ||   123
       Troll leather arm |       |       |       |    71 ||    71
Dodge: Dodged            |    67 |    65 |   158 |   292 ||   582
Block: Shield            |       |       |       |    86 ||    86
       Reflection        |       |       |       |     3 ||     3
